 Dungeon Crawl Stone Soup version 0.29.0-11-gd7f09526c8 (webtiles) character file.

Game seed: 4556212243232960643

263 greasedhog the Trooper (level 6, -2/40 HPs)
             Began as a Gargoyle Fighter on Sept 2, 2022.
             Slain by a black bear (5 damage)
             ... on level 4 of the Dungeon.
             The game lasted 00:03:00 (4029 turns).

greasedhog the Trooper (Gargoyle Fighter)           Turns: 4029, Time: 00:03:01

Health: -2/40      AC: 13    Str: 19    XL:     6   Next: 19%
Magic:  6/6        EV:  9    Int:  9    God:
Gold:   98         SH:  4    Dex: 11    Spells: 5/5 levels left

rFire   . . .      SeeInvis .   a - +0 flail
rCold   . . .      Faith    .   c - +0 buckler
rNeg    + . .      Spirit   .   b - +0 scale mail
rPois   ∞          Reflect  .   (no helmet)
rElec   +          Harm     .   (no cloak)
rCorr   .          Rampage  .   f - +1 pair of gloves
Will    .....                   (no boots)
Stlth   ..........              (no amulet)
HPRegen 0.13/turn               (no ring)
MPRegen 0.10/turn               (no ring)

@: no status effects
A: sickness immunity, AC +4, negative energy resistance 1, electricity
resistance, torment resistance 1, petrification resistance
a: no special abilities


You were on level 4 of the Dungeon.
You visited 1 branch of the dungeon, and saw 4 of its levels.

You collected 98 gold pieces.

Inventory:

Hand Weapons
 a - a +0 flail (weapon)
Armour
 b - a +0 scale mail (worn)
 c - a +0 buckler (worn)
 f - a +1 pair of gloves (worn)
Jewellery
 l - a ring of resist corrosion
Scrolls
 e - a scroll of blinking
 g - a scroll of poison
 h - 4 scrolls of teleportation
 i - a scroll of fog
 p - a scroll of identify
Potions
 d - a potion of might
 j - 2 potions of cancellation {unknown}
 k - a potion of flight {unknown}
 m - a potion of attraction {unknown}
 n - a potion of haste {unknown}
 o - a potion of brilliance {unknown}


   Skills:
 - Level 5.6 Fighting
 * Level 4.6 Maces & Flails
 * Level 3.4 Armour
 - Level 3.2 Shields


You had 5 spell levels left.
You didn't know any spells.
Your spell library was empty.

Dungeon Overview and Level Annotations

Branches:
Dungeon (4/15)
 Temple: D:4-7

Altars:
Yredelemnul


Innate Abilities, Weirdness & Mutations

You are immune to sickness and miasma.
Your stone body is resilient. (AC +4)
You are immune to poison.
You resist negative energy. (rN+)
You are resistant to electric shocks. (rElec)
You are resistant to unholy torment.
You are immune to petrification.


Message History

The black bear is heavily wounded.
The black bear bites you but does no damage.
The black bear claws you. x2
You barely miss the black bear.
The black bear is heavily wounded.
The black bear bites you.
The black bear claws you but does no damage.
The black bear closely misses you. The black bear bites you.
The black bear claws you but does no damage. x2
You hit the black bear.
The black bear is severely wounded.
The black bear closely misses you.
The black bear claws you but does no damage. x2
You hit the black bear.
The black bear is severely wounded.
The black bear misses you.
The black bear claws you but does no damage. x2
You hit the black bear.
The black bear is severely wounded.
The black bear goes berserk!
The black bear bites you.
The black bear claws you but does no damage. x2
You closely miss the black bear.
The black bear is severely wounded.
You block the black bear's attack. The black bear closely misses you.
The black bear claws you but does no damage.
You thump the black bear!
The black bear is almost dead.
The black bear bites you! The black bear barely misses you.
The black bear claws you but does no damage.
You block the black bear's attack. The black bear barely misses you.
The black bear claws you.
* * * LOW HITPOINT WARNING * * *
You hit the black bear.
The black bear is almost dead.
The black bear barely misses you.
The black bear claws you but does no damage. x2
The black bear bites you.
* * * LOW HITPOINT WARNING * * *
The black bear claws you.
You die...

#.#...# ###.#...
###......#
###........#
#....##....###
.##........<...#
......#....#.###
......##..##.#
.......@h#####
.............#
.....##.......#
.... #........
... #........ ..
......... .
.........
........#


You could see a black bear (berserk).

Vanquished Creatures
  An ice beast (D:3)
  4 gnolls (D:2)
  5 adders
  2 worms
  4 dart slugs
  5 ball pythons
  5 bats
  9 endoplasms
  5 giant cockroaches
  7 goblins
  7 hobgoblins
  7 quokkas
  3 frilled lizards
  2 kobolds (D:2)
  5 rats
71 creatures vanquished.

Notes
Turn   | Place    | Note
-------+----------+-------------------------------------------
     0 | D:1      | greasedhog the Gargoyle Fighter began the quest for the
                  | Orb.
     0 | D:1      | Reached XP level 1. HP: 14/14 MP: 1/1
   548 | D:1      | Reached XP level 2. HP: 17/19 MP: 2/2
  1186 | D:1      | Reached XP level 3. HP: 24/24 MP: 3/3
  1337 | D:1      | Reached skill level 4 in Fighting
  1877 | D:1      | HP: 1/24 [worm (4)]
  2161 | D:2      | Reached XP level 4. HP: 22/30 MP: 4/4
  2607 | D:2      | Found a basalt altar of Yredelemnul.
  2616 | D:2      | Found a faded altar of an unknown god.
  2884 | D:2      | Reached XP level 5. HP: 34/34 MP: 5/5
  3115 | D:3      | Reached skill level 5 in Fighting
  3470 | D:3      | Noticed an ice beast
  3487 | D:3      | Killed an ice beast
  3488 | D:3      | Reached XP level 6. HP: 25/40 MP: 6/6
  4009 | D:4      | Noticed a black bear
  4029 | D:4      | Slain by a black bear

Illustrated notes

Levels and vault maps discovered:
D:1:      roderic_crossed_star, layout_basic, hangedman_abyss_or_decor_stabs,
          minmay_tripent
D:2:      layout_loops_cross, chequers_ecumenical_altar_simple_redux,
          basic_altar, fountainhead, minivault_25
D:3:      layout_basic
D:4:      layout_cave_pools, gammafunk_ghost_grave

Skill      XL: |  1  2  3  4  5 |
---------------+----------------+-----
Fighting       | 4 5 |  5.6
Maces & Flails | 3 4 |  4.6
Armour         | |  3.4
Shields        | |  3.2

Action                   |  1- 3 |  4- 6 || total
-------------------------+-------+-------++-------
Melee: Flail             |    91 |   177 ||   268
  Use: Scroll            |     3 |     1 ||     4
Armor: Scale mail        |    41 |   131 ||   172
Dodge: Dodged            |    48 |    94 ||   142
Block: Buckler           |    20 |    51 ||    71
